 Dungeon Crawl Stone Soup version 0.21.1-1-g345015f (webtiles) character file.

501 kae the Insei (level 7, -7/46 HPs)
             Began as an Octopode Transmuter on June 14, 2018.
             Was an Initiate of Makhleb.
             Mangled by an orc warrior
             ... wielding a +0 flail
              (21 damage)
             ... on level 4 of the Dungeon.
             The game lasted 00:03:28 (3968 turns).

kae the Insei (Octopode Transmuter)                 Turns: 3968, Time: 00:03:28

Health: -7/46      AC:  2    Str:  9    XL:     7   Next: 17%
Magic:  9/11       EV: 21    Int: 16    God:    Makhleb [......]
Gold:   154        SH:  0    Dex: 19    Spells: 6/12 levels left

rFire    . . .     SeeInvis .     - Unarmed
rCold    . . .     Gourm    .   (shield currently unavailable)
rNeg     . . .     Faith    .   (helmet currently unavailable)
rPois    x         Spirit   .   (no amulet)
rElec    .         Reflect  .   (no ring)
rCorr    .         Harm     .   (no ring)
MR       .....                  (no ring)
Stlth    ++........             (no ring)
HPRegen  0.15/turn              (no ring)
MPRegen  0.12/turn              (no ring)
                                (no ring)
                                (no ring)

@: spider-form (expiring), drained
A: tiny, almost no armour, stealthy swim, (amphibious), 8 rings, (constrict 8)
a: End Transformation, Renounce Religion


You were on level 4 of the Dungeon.
You worshipped Makhleb.
Makhleb was noncommittal.
You were not hungry.
You were a venomous arachnid creature.
You visited 2 branches of the dungeon, and saw 5 of its levels.

You collected 154 gold pieces.

Inventory:

Missiles
 a - 55 arrows
Jewellery
 p - an uncursed amulet of regeneration {unknown}
Wands
 k - a wand of paralysis (10)
Scrolls
 e - a scroll of enchant armour
 g - a scroll of immolation
 h - 2 scrolls of magic mapping {unknown}
 l - 3 scrolls of identify
 m - 2 scrolls of remove curse {unknown}
 n - 2 scrolls of teleportation
 o - a scroll of amnesia
Potions
 d - 3 potions of curing
 i - 3 potions of heal wounds
 j - a potion of haste
Books
 b - a book of Changes

   Spells                             Type                      Level
   a - Beastly Appendage              Transmutation                1
   b - Sticks to Snakes               Transmutation                2
   c - Spider Form                    Transmutation/Poison         3
   d - Ice Form                       Ice/Transmutation            4
   e - Blade Hands                    Transmutation                5
 q - a book of Maledictions

   Spells                             Type                      Level
   a - Corona                         Hexes                        1
   b - Ensorcelled Hibernation        Hexes/Ice                    2
   c - Confuse                        Hexes                        3
   d - Tukima's Dance                 Hexes                        3
   e - Dazzling Spray                 Conjuration/Hexes            3
Comestibles
 c - 5 rations


   Skills:
 + Level 3.0(2.8) Fighting
 + Level 3.5(3.3) Dodging
 * Level 5.1(4.9) Unarmed Combat
 + Level 3.2(3.1) Spellcasting
 + Level 3.4(3.2) Transmutations
 + Level 0.1(0.0) Invocations


You had 6 spell levels left.
You knew the following spells:

 Your Spells              Type           Power        Failure   Level  Hunger
a - Beastly Appendage     Tmut           ##....       14%         1    #......
b - Sticks to Snakes      Tmut           ##......     19%         2    ##.....
c - Spider Form           Tmut/Pois      #.........   50%         3    ###....


Dungeon Overview and Level Annotations

Branches:
Dungeon (4/15)             Temple (1/1) D:4

Altars:
Ashenzari
Cheibriados
Gozag
Makhleb
Okawaru
Qazlal
Ru
Sif Muna
Trog
Uskayaw
Vehumet
Wu Jian
Xom
Yredelemnul
Zin
The Shining One


Innate Abilities, Weirdness & Mutations

You cannot wear most types of armour.
You are very stealthy in the water. (Stealth+)
((You are amphibious.))
You can wear up to eight rings at the same time.
((You can use your tentacles to constrict eight enemies at once.))
((Your skin changes colour to match your surroundings (Stealth+).))
((Your rubbery body absorbs attacks. (AC +1, EV +1)))


Message History

The orc warrior hits you with a flail!
You are too injured to fight recklessly!
You are too injured to fight recklessly!
You are too injured to fight recklessly!
You are too injured to fight recklessly!
You are too injured to fight recklessly!
You are too injured to fight recklessly!
You hit the orc warrior.
The orc warrior looks as sick as possible!
The orc warrior is moderately wounded.
The orc warrior hits you with a flail!
* * * LOW HITPOINT WARNING * * *
You hit the orc warrior but do no damage.
The orc warrior looks as sick as possible!
The orc warrior is heavily wounded.
You hit the orc warrior but do no damage.
The orc warrior looks as sick as possible!
The orc warrior is heavily wounded.
The orc warrior hits you with a flail!!
You die...

..# #.......# ##.##............
..####.....### ##..##............
.....#.....# #...##.)..........
..##.......#####._..#............
..####..............#.....##.####
....##........#####......<##.####
#.#.......................##.#...
#.###.............##......##.#...
#.# #.####......s............#...
#.###.# #.#####.o........##.....
#...#.####.......................
###.#.......#####.........<..#...
#.##.....######.........#...###
#.#..#..................##.....
#......).#####...........#.###.
#.###......###....<............
#.# #.##......................#


You could see an orc warrior.

Vanquished Creatures
  Edmund (D:4)
  A scorpion (D:3)
  A howler monkey (D:4)
  A centaur zombie (D:3)
  A hound (D:4)
  2 orc wizards (D:4)
  2 orc priests (D:2)
  3 adders (D:2)
  A worm (D:3)
  2 dart slugs
  4 leopard geckos
  7 orcs
  5 bats
  2 giant cockroaches
  10 goblins
  6 hobgoblins
  9 jackals
  A ball python (D:2)
  5 frilled lizards
  6 kobolds
  6 rats
76 creatures vanquished.

Vanquished Creatures (others)
  A worm (D:2)
1 creature vanquished.

Grand Total: 77 creatures vanquished

Notes
Turn   | Place    | Note
-------+----------+-------------------------------------------
     0 | D:1      | kae the Octopode Transmuter began the quest for the Orb.
     0 | D:1      | Reached XP level 1. HP: 13/13 MP: 3/3
   306 | D:1      | Reached XP level 2. HP: 15/18 MP: 3/5
   773 | D:1      | Reached XP level 3. HP: 23/23 MP: 4/6
   881 | D:2      | Found a bloodstained altar of Trog.
  1023 | D:2      | Reached XP level 4. HP: 12/29 MP: 5/7
  1445 | D:2      | Reached skill level 4 in Unarmed Combat
  1445 | D:2      | Reached XP level 5. HP: 13/34 MP: 8/8
  1915 | D:2      | Found a radiant altar of Vehumet.
  2954 | D:4      | Found an opulent altar of Gozag.
  2959 | D:4      | Noticed Edmund
  3139 | D:3      | Reached XP level 6. HP: 41/41 MP: 8/10
  3143 | D:3      | Learned a level 2 spell: Sticks to Snakes
  3147 | D:3      | Learned a level 3 spell: Spider Form
  3262 | D:4      | Killed Edmund
  3390 | D:4      | Found a deep blue altar of Sif Muna.
  3487 | D:4      | Reached skill level 5 in Unarmed Combat
  3487 | D:4      | Reached XP level 7. HP: 35/45 MP: 4/11
  3651 | D:4      | Found a snail-covered altar of Cheibriados.
  3726 | D:4      | Found a staircase to the Ecumenical Temple.
  3742 | Temple   | Entered the Ecumenical Temple
  3752 | Temple   | Became a worshipper of Makhleb the Destroyer
  3968 | D:4      | Mangled by an orc warrior

Skill      XL: |  1  2  3  4  5  6  7 |
---------------+----------------------+-----
Fighting       | 2 3 |  3.0
Unarmed Combat | 4 5 |  5.1
Dodging        | 3 |  3.5
Transmutations | 3 |  3.4
Spellcasting   | 3 |  3.2
Invocations    | |  0.1

Action                   |  1- 3 |  4- 6 |  7- 9 || total
-------------------------+-------+-------+-------++-------
Melee: Unarmed           |    70 |   106 |    23 ||   199
       Tentacles         |    11 |    16 |     4 ||    31
       Constrict         |    18 |    25 |     4 ||    47
       Kick              |    12 |    11 |       ||    23
       Punch             |     5 |       |       ||     5
 Cast: Beastly Appendage |    15 |    13 |       ||    28
       Spider Form       |       |     4 |     1 ||     5
       Sticks to Snakes  |       |     1 |       ||     1
  Use: Scroll            |     3 |     5 |       ||     8
       Potion            |       |     2 |       ||     2
 Stab: Sleeping          |     5 |     1 |     1 ||     7
  Eat: Chunk             |       |     9 |     2 ||    11
Armor: Skin              |     4 |     6 |       ||    10
Dodge: Dodged            |    48 |    85 |    12 ||   145
